 Seeded DCSS version 0.30.1-11-g7821555f0a (webtiles) character file.

Game seed: 13880469700193564359 (custom seed)

19663 CInkIbrahim the Carver (level 12, -14/108 HPs)
             Began as a Green Draconian Gladiator on Dec 12, 2023.
             Was a Believer of the Shining One.
             Demolished by a cane toad (17 damage)
             ... on level 3 of the Lair of Beasts.
             The game lasted 00:32:19 (11892 turns).

CInkIbrahim the Carver (Green Draconian Gladiator) Turns: 11892, Time: 00:32:20

Health: -14/108    AC: 16    Str: 21 (22) XL:     12   Next: 38%
Magic:  10/10      EV: 22    Int:  9      God:    the Shining One [**....]
Gold:   975        SH:  6    Dex: 17 (19) Spells: 11/11 levels left

rFire   x . .        b - +5 scimitar (flame)
rCold   . . .        C - +0 buckler
rNeg    + . .        (body armour unavailable)
rPois   +            s - +0 hat
rElec   .            q - +0 cloak
rCorr   +            n - +0 pair of gloves
SInv    .            x - +1 pair of boots
Will    +....        h - amulet of regeneration
Stlth   +            H - ring "Gineth" {rF- Will+ EV+5 Str+4}
HPRegen 1.18/turn    K - ring "Hacs" {rCorr AC+4 Dex+3 Slay+3}
MPRegen 0.12/turn

%: no passive effects
@: lethally poisoned (-14 -> -14), marked, glowing
A: breathe noxious fumes, AC +8, unfitting armour, poison resistance,
cold-blooded, deterioration 1, low MP 1
a: Breathe Noxious Fumes, Renounce Religion, Divine Shield


You were on level 3 of the Lair of Beasts.
You worshipped the Shining One.
The Shining One was pleased with you.
You visited 3 branches of the dungeon, and saw 15 of its levels.
You also visited: Ossuary and Bailey.

You collected 1046 gold pieces.
You spent 71 gold pieces at shops.

Inventory:

Hand Weapons
 a - a +0 scimitar of electrocution
 b - a +5 scimitar of flaming (weapon)
 r - a +0 dagger of venom
 Q - a +2 short sword of speed
Missiles
 c - 5 throwing nets
 d - 6 javelins
 l - 33 poisoned darts
 m - 17 boomerangs (quivered)
 G - 4 silver javelins
Armour
 n - a +0 pair of gloves (worn)
 q - a +0 cloak (worn)
 s - a +0 hat (worn)
 x - a +1 pair of boots (worn)
 C - a +0 buckler (worn)
 U - a +0 kite shield
Jewellery
 h - an amulet of regeneration (around neck)
 i - a ring of wizardry
 u - an amulet of magic regeneration
 H - the ring "Gineth" (left hand) {rF- Will+ EV+5 Str+4}
   (You acquired it on level 8 of the Dungeon)

   [ring of evasion]

   EV:        It affects your evasion (+5).
   Str:       It affects your strength (+4).
   rF:        It makes you vulnerable to fire.
   Will:      It increases your willpower.
 I - a ring of ice
 K - the ring "Hacs" (right hand) {rCorr AC+4 Dex+3 Slay+3}
   (You took it off a gnoll on level 5 of the Dungeon)

   [ring of protection]

   AC:        It affects your AC (+4).
   Dex:       It affects your dexterity (+3).
   Slay:      It affects your accuracy & damage with ranged weapons and melee
   (+3).
   rCorr:     It protects you from acid and corrosion.
 R - a ring of protection from cold
 T - an amulet of guardian spirit
Wands
 e - a wand of acid (13)
 f - a wand of paralysis (1)
 w - a wand of mindburst (3)
 M - a wand of roots (2)
 O - a wand of digging (5)
Scrolls
 g - a scroll of poison
 k - 8 scrolls of teleportation
 p - 5 scrolls of identify
 y - a scroll of fog
 z - 5 scrolls of amnesia
 A - 2 scrolls of blinking
 B - 2 scrolls of magic mapping
 D - a scroll of enchant armour
 F - 2 scrolls of noise
 J - a scroll of fear
 V - a scroll of butterflies
 W - a scroll of enchant weapon
Potions
 j - 4 potions of flight
 o - 2 potions of might
 t - 2 potions of brilliance
 v - a potion of magic
 E - 3 potions of haste
 L - 2 potions of curing
 N - 3 potions of heal wounds
 S - 2 potions of lignification
Miscellaneous
 P - a lightning rod (4/4)


   Skills:
 + Level 10.6 Fighting
 - Level 14.0 Long Blades
 - Level 1.7 Throwing
 + Level 9.1 Dodging
 + Level 8.3 Shields


You had 11 spell levels left.
You didn't know any spells.
Your spell library contained the following spells:

 Spells                   Type           Power      Damage    Failure   Level
 Beastly Appendage        Tmut           0%         N/A       43%         1
 Freeze                   Ice            0%         1d3       43%         1
 Sandblast                Erth           0%         2d4       43%         1
 Blink                    Tloc           0%         N/A       56%         2
 Lesser Beckoning         Tloc           0%         N/A       56%         2
 Momentum Strike          Conj/Tloc      0%         3d8       56%         2
 Passwall                 Tmut/Erth      0%         N/A       56%         2
 Static Discharge         Conj/Air       0%         2-2/arc   56%         2
 Frozen Ramparts          Ice            0%         1d1       80%         3
 Hailstorm                Conj/Ice       0%         3d3       80%         3
 Portal Projectile        Hex/Tloc       0%         N/A       80%         3
 Stone Arrow              Conj/Erth      0%         3d7       80%         3
 Tukima's Dance           Hex            0%         N/A       80%         3
 Volatile Blastmotes      Fire/Tloc      0%         2d10      80%         3
 Airstrike                Air            0%         2d(0-16)  99%         4
 Fulminant Prism          Conj/Hex       0%         3d5       99%         4
 Ice Form                 Ice/Tmut       0%         N/A       99%         4
 Iskenderun's Mystic Bla  Conj/Tloc      0%         2d3       99%         4
 Summon Lightning Spire   Summ/Air       0%         N/A       99%         4
 Blade Hands              Tmut           0%         N/A       100%        5
 Lee's Rapid Deconstruct  Erth           0%         3d4*      100%        5
 Summon Forest            Summ/Tloc      0%         N/A       100%        5
 Summon Mana Viper        Hex/Summ       0%         N/A       100%        5
 Eringya's Noxious Bog    Tmut/Pois      0%         N/A       100%        6
 Simulacrum               Ice/Necr       0%         N/A       100%        6
 Summon Cactus Giant      Summ           0%         N/A       100%        6


Dungeon Overview and Level Annotations

Branches:
Dungeon (11/15)            Temple (1/1) D:4            Lair (3/5) D:11
 Shoals (0/4) Lair:2       Spider (0/4) Lair:2          Orc (0/2) D:11
Ossuary (visited)          Bailey (visited)

Altars:
Ashenzari
Cheibriados
Dithmenos
Elyvilon
Fedhas
Gozag
Hepliaklqana
Kikubaaqudgha
Makhleb
Nemelex Xobeh
Okawaru
Qazlal
Ru
Sif Muna
Trog
Uskayaw
Vehumet
Wu Jian
Xom
Yredelemnul
Zin
The Shining One

Shops:
D:2 *   D:7 ?

Annotations:
Lair:2 exclusion: oklob plant
Lair:3 Nessos


Innate Abilities, Weirdness & Mutations

You can breathe blasts of noxious fumes.
Your lurid green scales are hard. (AC +8)
You cannot fit into any form of body armour.
Your system is resistant to poisons. (rPois)
You are cold-blooded and may be slowed by cold attacks.
Your body sometimes deteriorates upon taking damage.
Your magical capacity is low. (-10% MP)


Message History

Throw: 17 boomerangs
Press: ? - help, Q - select action, (/) - cycle Shift-Dir - straight line, f - Nessos
Aim: Nessos, wielding a +1 longbow of flaming and wearing a +0 barding (severely wounded, fast, 77% to hit)
You throw a boomerang. The boomerang hits Nessos.
Nessos is severely wounded.
You feel very sick.
Nessos shoots an arrow.
The arrow closely misses you.
Nessos shoots an arrow.
The arrow closely misses you.
Nessos shoots an arrow.
The arrow misses you.
Throw: 17 boomerangs
Press: ? - help, Q - select action, (/) - cycle Shift-Dir - straight line, f/p - Nessos
Aim: Nessos, wielding a +1 longbow of flaming and wearing a +0 barding (severely wounded, fast, 77% to hit)
You throw a boomerang. The boomerang hits Nessos.
Nessos is severely wounded.
You feel very sick.
Nessos is no longer moving quickly.
Nessos shoots an arrow.
The arrow closely misses you.
A water moccasin comes into view.
You feel very sick. You block the black mamba's attack.
You feel sick. You block the black mamba's attack.
The rime drake closely misses you. The black mamba barely misses you.
A cane toad comes into view.
You slash the water moccasin! You burn the water moccasin.
You tail-slap the water moccasin!
The water moccasin is severely wounded.
You feel sick. The water moccasin misses you. The black mamba bites you.
* * * LOW HITPOINT WARNING * * *
The rime drake bites you but does no damage.
You slash the water moccasin! You burn the water moccasin.
You kill the water moccasin!
You feel sick. The black mamba closely misses you.
The rime drake bites you but does no damage.
The black mamba bites you but does no damage.
Nessos shoots an arrow.
The arrow hits you!
* * * LOW HITPOINT WARNING * * *
Your body deteriorates!
You feel clumsy. The arrow burns you.
* * * LOW HITPOINT WARNING * * *
You feel sick. The cane toad stings you!
You die...

### ##.####
####P..#.####.##
#......§§.§.....
##§§.§@F§§§§.....
##.§§§Sk.§§§§.....
###..§c##.####.....#
#....§##### ##...#
#.....#.# ...#
#.c... ## .P#
...P..# .# ...###
...


You could see a black mamba, a cane toad and a rime drake.

Vanquished Creatures
  Harold (D:9)
  3 two-headed ogres
  A boulder beetle (Lair:2)
  3 death yaks (D:11)
  Pikel (D:7)
  A deep elf pyromancer (D:6)
  3 gargoyles
  3 cane toads
  3 unseen horrors
  2 komodo dragons (Lair:1)
  A meliai (Lair:2)
  A polar bear (Lair:1)
  Grinder (D:3)
  4 blink frogs (Lair:1)
  2 vampires
  7 wyverns
  22 yaks
  A steam dragon (Lair:1)
  A basilisk (Lair:1)
  4 vampire mosquitoes (D:11)
  Menkaure (Ossuary)
  An acid dragon (D:9)
  6 water moccasins
  An orc warrior (D:11)
  A sky beast (D:8)
  2 ogres (D:5)
  3 centaurs
  2 kobold brigands
  2 gnoll sergeants
  6 bullfrogs
  2 scorpions
  9 wights
  4 killer bees (Lair:2)
  2 howler monkeys (D:8)
  5 hounds
  2 jellies (D:5)
  7 orc priests
  Crazy Yiuf (D:2)
  2 gnoll boudas
  2 sleepcaps
  2 human skeletons (D:8)
  5 iguanas
  8 orc wizards
  4 hell rats (Lair:2)
  3 mummies (Ossuary)
  19 gnolls
  5 adders
  2 river rats (D:11)
  2 white imps
  3 ufetubi
  3 dart slugs
  43 orcs
  9 ball pythons
  8 endoplasms
  7 giant cockroaches
  5 gnoll zombies (Ossuary)
  13 goblins
  10 hobgoblins
  7 jackals (D:1)
  6 quokkas
  3 bats
  2 frilled lizards
  4 gnoll skeletons (Ossuary)
  4 goblin skeletons (Ossuary)
  3 goblin zombies (Ossuary)
  3 hobgoblin skeletons (Ossuary)
  3 hobgoblin zombies (Ossuary)
  31 kobolds
  3 kobold skeletons (Ossuary)
  3 kobold zombies (Ossuary)
  7 orc skeletons
  5 orc zombies
  31 rats
  7 rat skeletons (Ossuary)
  7 rat zombies (Ossuary)
406 creatures vanquished.

Notes
Turn   | Place    | Note
-------+----------+-------------------------------------------
     0 | D:1      | CInkIbrahim the Draconian Gladiator began the quest for the
                  | Orb.
     0 | D:1      | Reached XP level 1. HP: 17/17 MP: 1/1
    29 | D:1      | Reached XP level 2. HP: 14/24 MP: 2/2
   108 | D:1      | Got the Volume of Sickening Permutations
   268 | D:1      | Reached skill level 4 in Long Blades
   367 | D:1      | Reached XP level 3. HP: 17/29 MP: 3/3
   499 | D:1      | Found a faded altar of an unknown god.
   933 | D:2      | Found Jarad's Assorted Antiques.
   949 | D:2      | Bought a scroll labelled BOOTHABUJY for 27 gold pieces
   953 | D:2      | Gained mutation: You occasionally shout uncontrollably at
                  | your foes. [potion of mutation]
   953 | D:2      | Gained mutation: You have sharp fingernails. [potion of
                  | mutation]
  1168 | D:2      | Reached XP level 4. HP: 36/36 MP: 4/4
  1176 | D:2      | Reached skill level 5 in Long Blades
  1237 | D:2      | Found a runed translucent door.
  1238 | D:2      | Noticed Crazy Yiuf
  1250 | D:2      | Killed Crazy Yiuf
  1450 | D:2      | Lost mutation: You have sharp fingernails. [potion of
                  | mutation]
  1450 | D:2      | Lost mutation: You occasionally shout uncontrollably at
                  | your foes. [potion of mutation]
  1450 | D:2      | Gained mutation: Your body sometimes deteriorates upon
                  | taking damage. [potion of mutation]
  1450 | D:2      | Gained mutation: Your magical capacity is low. (-10% MP)
                  | [potion of mutation]
  1932 | D:3      | Reached XP level 5. HP: 37/41 MP: 4/4
  2388 | D:3      | Noticed Grinder
  2391 | D:3      | Paralysed by Grinder for 5 turns
  2417 | D:3      | Killed Grinder
  2418 | D:3      | Reached skill level 7 in Long Blades
  2418 | D:3      | Reached XP level 6. HP: 31/48 MP: 5/5
  2767 | D:4      | Found a staircase to the Ecumenical Temple.
  2801 | Temple   | Entered the Ecumenical Temple
  2859 | D:4      | Noticed a wyvern
  2872 | D:4      | Reached skill level 8 in Long Blades
  2873 | D:4      | Killed a wyvern
  2874 | D:4      | Your scales start taking on a lurid green colour.
  2874 | D:4      | Reached XP level 7. HP: 49/55 MP: 6/6
  2874 | D:4      | Gained mutation: Your system is resistant to poisons.
                  | (rPois) [Green Draconian growth]
  3075 | Temple   | Became a worshipper of the Shining One
  3652 | D:4      | Reached skill level 9 in Long Blades
  3884 | D:5      | Entered Level 5 of the Dungeon
  4029 | D:5      | Reached XP level 8. HP: 18/61 MP: 7/7
  4044 | D:5      | Reached skill level 10 in Long Blades
  4237 | D:5      | Found an iron altar of Okawaru.
  4245 | D:5      | Identified the ring "Hacs" {rCorr AC+4 Dex+3 Slay+3}
  4363 | D:6      | Noticed a deep elf pyromancer
  4378 | D:6      | Killed a deep elf pyromancer
  4379 | D:6      | Reached skill level 11 in Long Blades
  4640 | D:6      | Reached * piety under the Shining One
  4815 | D:6      | Reached skill level 12 in Long Blades
  5423 | D:6      | Reached XP level 9. HP: 39/67 MP: 8/8
  5570 | D:7      | You fall into a shaft and drop 3 floors!
  5570 | D:10     | Entered Level 10 of the Dungeon
  5583 | D:10     | Noticed a two-headed ogre
  5602 | D:9      | Noticed Harold
  5619 | D:9      | Killed Harold
  5629 | D:9      | Found a flagged portal.
  5634 | Bailey   | Entered a bailey
  5787 | Bailey   | Noticed an orc knight
  5799 | Bailey   | Was placed under penance by the Shining One
  5799 | Bailey   | Fell from the grace of the Shining One
  6055 | D:9      | Reached skill level 13 in Long Blades
  6197 | D:8      | Found a sand-covered staircase.
  6204 | Ossuary  | Entered an ossuary
  6657 | Ossuary  | Noticed Menkaure
  6667 | Ossuary  | Killed Menkaure
  6862 | D:8      | Reached skill level 5 in Fighting
  6971 | D:8      | Identified a scroll of acquirement
  6971 | D:8      | Acquired the ring "Gineth" {rF- Will+ EV+5 Str+4}
  6995 | D:8      | Reached XP level 10. HP: 70/81 MP: 9/9
  7236 | D:7      | Reached skill level 1 in Shields
  7358 | D:7      | Noticed Pikel
  7375 | D:7      | Killed Pikel
  7376 | D:7      | Reached skill level 5 in Dodging
  7404 | D:7      | Found Sonwun's Magic Scroll Shoppe.
  7412 | D:7      | Bought a scroll of fear for 44 gold pieces
  7621 | Temple   | Became a worshipper of the Shining One
  8417 | D:9      | Noticed a two-headed ogre
  8429 | D:9      | Killed a two-headed ogre
  8643 | D:10     | Reached skill level 14 in Long Blades
  8814 | D:10     | Killed a two-headed ogre
  9040 | D:10     | Noticed a two-headed ogre
  9044 | D:10     | Killed a two-headed ogre
  9086 | D:10     | Noticed a gargoyle
  9092 | D:10     | Killed a gargoyle
  9093 | D:10     | Reached XP level 11. HP: 92/92 MP: 9/9
  9195 | D:11     | Noticed a death yak
  9205 | D:11     | Killed a death yak
  9206 | D:11     | Noticed a death yak
  9207 | D:11     | Reached skill level 5 in Shields
  9209 | D:11     | Noticed a death yak
  9224 | D:11     | Killed a death yak
  9228 | D:11     | Killed a death yak
  9236 | D:11     | Found a staircase to the Lair.
  9592 | D:10     | Found a shadowy altar of Dithmenos.
  9592 | D:10     | Found a shimmering altar of Xom.
  9594 | D:10     | Found an opulent altar of Gozag.
  9594 | D:10     | Found a broken altar of Ashenzari.
 10235 | D:11     | Found a staircase to the Orcish Mines.
 10331 | Lair:1   | Entered Level 1 of the Lair of Beasts
 10516 | Lair:1   | Reached ** piety under the Shining One
 10599 | Lair:1   | Reached XP level 12. HP: 95/106 MP: 10/10
 10748 | Lair:1   | Reached skill level 10 in Fighting
 11146 | Lair:2   | Found a hole to the Spider Nest.
 11409 | Lair:2   | Found a staircase to the Shoals.
 11777 | Lair:3   | Noticed Nessos
 11777 | Lair:3   | Noticed a boulder beetle
 11838 | Lair:2   | Killed a boulder beetle
 11891 | Lair:3   | HP: 4/107 [Nessos/arrow (3)]
 11892 | Lair:3   | Demolished by a cane toad

Illustrated notes

Levels and vault maps discovered:
D:1:      heliophobic_arrival_ceremonial_halls, layout_rooms,
          shapermc_ecumenical_altar_mp_highgroup
D:2:      wad_river_or_something, layout_loops_ring, serial_shops, shop,
          minmay_misc_feat_doors, minmay_rat_hole, uniq_crazy_yiuf_cottage
D:3:      layout_loops_ring, kennysheep_boxes, uniq_grinder
D:4:      kb_forest_paths, layout_loops_ring,
          minmay_temple_entry_drinking_statues, hex_large, minmay_between
D:5:      layout_rooms, mainiacjoe_overflow_24_doors, serial_aquarium,
          aquarium_bridge_straight [aquarium_subvault_bridge,
          aquarium_subvault_window, aquarium_subvault_bridge,
          aquarium_subvault_wall], aquarium_bridge_straight
          [aquarium_subvault_bridge, aquarium_subvault_balcony,
          aquarium_subvault_bridge, aquarium_subvault_window],
          aquarium_window_fake, aquarium_window_1, aquarium_window_fake,
          aquarium_window_fake, aquarium_view_2c, aquarium_view_2e,
          aquarium_pool_1
D:6:      layout_basic, guppyfry_early_elven_hall
D:7:      layout_rooms, serial_shops, nicolae_shop_hallway_stairs, uniq_pikel
D:8:      layout_rooms, nicolae_ossuary_entry_catacombs
D:9:      layout_basic, enter_bailey_3, uniq_harold
D:10:     layout_basic, mainiacjoe_overflow_alcove_3
D:11:     layout_roguey, dpeg_lair_monsters, hiddenorc1_lemuel,
          chequers_serial_rivers_micro_e, chequers_serial_rivers_room_b
Temple:   bh_familiar_temple
Lair:1:   layout_chaotic_city
Lair:2:   layout_regular_city, elwin_shoals_entry_rocks,
          hellmonk_spider_entry_not_the_bees, guppyfry_lair_drakes
Lair:3:   layout_concentric_octagons, st_stairs_8, uniq_nessos, uniq_kirke,
          uniq_snorg

Skill      XL: |  1  2  3  4  5  6  7  8  9 10 11 12 |
---------------+-------------------------------------+-----
Long Blades    | 4 5 7 8 9 12 13 14 | 14.0
Dodging        | 4 6 8 9 |  9.1
Fighting       | 5 7 9 10 | 10.6
Shields        | 4 7 8 |  8.3
Throwing       | |  1.7

Action                     |  1- 3 |  4- 6 |  7- 9 | 10-12 || total
---------------------------+-------+-------+-------+-------++-------
  Melee: Long sword        |    87 |       |    56 |       ||   143
         Tailslap          |    10 |    41 |    97 |    75 ||   223
         Dagger            |    48 |   188 |   238 |       ||   474
         Punch             |       |     2 |     9 |       ||    11
         Scimitar          |       |       |   206 |   407 ||   613
  Throw: Boomerang         |       |       |     5 |     5 ||    10
         Throwing net      |       |       |     2 |       ||     2
Ability: Breathe Noxious F |       |       |     1 |       ||     1
  Evoke: Wand              |       |       |     1 |       ||     1
    Use: Scroll            |     7 |     7 |    21 |     7 ||    42
         Potion            |     1 |     4 |     7 |     1 ||    13
   Stab: Sleeping          |       |     1 |     1 |       ||     2
         Invisible         |       |     6 |     1 |       ||     7
 Armour: Skin              |    44 |    49 |   111 |    91 ||   295
  Dodge: Dodged            |   111 |    94 |   200 |   300 ||   705
  Block: Buckler           |       |       |     1 |    84 ||    85
